AoeStats
← NPG | NUNCAPUEDOGANAR

Arabia

510508152Analyzed
1v1 RM · 8h ago on Oct 1, 2026· 76m 7s· 2 players
Game mode
Random Map
Map size
Tiny (2 player)
Population
200
Speed
Normal
Resources
Standard
Victory
Conquest
Starting age
Dark Age
Ending age
Imperial Age
RankedLock teamsTeams togetherTeam positionsShared explorationLock speedFull tech treeHidden civsTurbo modeCheats
Victory
Defeat
817
+16
🇨🇱 Mongols · Chile
819
-16
NPG | NUNCAPUEDOGANAR
2:36 Loom
10:28 Feudal Age
14:14 Scale Barding Armor
14:23 Forging
16:09 Double-Bit Axe
17:08 Bloodlines
27:02 Castle Age
26:17 Gold Mining
26:11 Horse Collar
37:05 Iron Casting
37:53 Husbandry
39:34 Fletching
48:58 Chain Barding Armor
53:12 Kamandaran
55:10 Kamandaran
55:45 Crossbowman
61:19 Thumb Ring
62:43 Bodkin Arrow
62:49 Padded Archer Armor
66:22 Ballistics
71:28 Light Cavalry
PAOSQLS | El Cuyei
7:22 Loom
10:58 Feudal Age
16:10 Bloodlines
22:07 Castle Age
32:13 Pikeman
33:12 Forging
33:57 Double-Bit Axe
34:35 Squires
37:01 Scale Mail Armor
38:29 Iron Casting
39:06 Arson
48:34 Imperial Age
47:15 Bow Saw
48:02 Chain Mail Armor
48:07 Horse Collar
55:57 Blast Furnace
58:45 Plate Mail Armor
59:11 Elite Steppe Lancer
64:11 Fletching
70:07 Bodkin Arrow
69:56 Elite Skirmisher
Connection lost

Rejoining the realm…

Still unreachable

The connection could not be restored.

Session expired

The server has moved on; the page needs a fresh start.